 Dungeon Crawl Stone Soup version 0.31-a0-702-gf82c85558f (webtiles) character file.

Game seed: 16362719597066959648

2928 pokeman the Thaumaturge (level 9, -5/51 HPs)
             Began as a Deep Elf Hedge Wizard on Sept 8, 2023.
             Was an Initiate of Vehumet.
             Killed by divine providence
             ... invoked by an orc priest
              (13 damage)
             ... on level 6 of the Dungeon.
             The game lasted 00:15:24 (6516 turns).

pokeman the Thaumaturge (Deep Elf Hedge Wizard)     Turns: 6516, Time: 00:15:25

Health: -5/51      AC:  9    Str:  7    XL:     9   Next: 50%
Magic:  18/26      EV: 13    Int: 30    God:    Vehumet [......]
Gold:   275        SH:  0    Dex: 14    Spells: 15/31 levels left

rFire   . . .        n - +1 dagger (venom)
rCold   . . .        (no shield)
rNeg    + . .        a - +2 robe {rN+}
rPois   .            A - +2 helmet
rElec   .            s - +0 cloak
rCorr   .            t - +0 pair of gloves
SInv    .            (no boots)
Will    .....        (no amulet)
Stlth   ++           q - +6 ring of intelligence
HPRegen 0.28/turn    (no ring)
MPRegen 0.20/turn

%: no passive effects
@: no status effects
A: no striking features
a: Renounce Religion


You were on level 6 of the Dungeon.
You worshipped Vehumet.
Vehumet was noncommittal.
You visited 2 branches of the dungeon, and saw 7 of its levels.
You also visited: Ossuary.

You collected 275 gold pieces.

Inventory:

Hand Weapons
 n - a +1 dagger of venom (weapon)
 r - a +2 quarterstaff of chaos
Missiles
 m - 4 throwing nets
Armour
 a - a +2 robe of positive energy (worn)
 s - a +0 cloak (worn)
 t - a +0 pair of gloves (worn)
 A - a +2 helmet (worn)
Jewellery
 q - a +6 ring of intelligence (left hand)
Wands
 c - a wand of quicksilver (11)
Scrolls
 b - 6 scrolls of teleportation {unknown}
 f - 2 scrolls of poison {unknown}
 g - 4 scrolls of identify {unknown}
 j - a scroll of noise {unknown}
 l - a scroll of revelation {unknown}
 p - a scroll of blinking {unknown}
 w - 2 scrolls of fog {unknown}
 y - 2 scrolls of fear {unknown}
 B - a scroll of brand weapon {unknown}
Potions
 d - 3 potions of magic
 e - 3 potions of mutation {unknown}
 h - a potion of degeneration {unknown}
 i - a potion of cancellation {unknown}
 k - 3 potions of attraction {unknown}
 o - 3 potions of lignification {unknown}
 u - a potion of heal wounds {unknown}
 v - a potion of invisibility {unknown}
 x - 2 potions of resistance {unknown}
 z - 2 potions of curing {unknown}


   Skills:
 + Level 3.5 Fighting
 - Level 3.0 Armour
 - Level 3.0 Dodging
 - Level 3.1 Stealth
 * Level 11.6 Spellcasting
 + Level 6.4 Conjurations
 - Level 1.1 Summonings
 - Level 1.1 Translocations
 - Level 1.1 Ice Magic
 - Level 1.1 Air Magic
 + Level 5.2 Earth Magic
 - Level 1.1 Poison Magic
 - Level 1.0 Evocations


You had 15 spell levels left.
You knew the following spells:

 Your Spells              Type           Power      Damage    Failure   Level
a - Magic Dart            Conj           100%       1d8       1%          1
b - Mephitic Cloud        Conj/Pois/Air  34%        N/A       2%          3
c - Call Imp              Summ           48%        N/A       2%          2
d - Blink                 Tloc           48%        N/A       2%          2
e - Stone Arrow           Conj/Erth      100%       3d13      1%          3
f - Freezing Cloud        Conj/Ice/Air   17%        6-21      26%         5

Your spell library contained the following spells:

 Spells                   Type           Power      Damage    Failure   Level
 Sandblast                Erth           96%        2d20      1%          1
 Momentum Strike          Conj/Tloc      80%        3d10      1%          2
 Passwall                 Tmut/Erth      27%        N/A       1%          2
 Lesser Beckoning         Tloc           48%        N/A       2%          2
 Poisonous Vapours        Pois/Air       48%        N/A       2%          2
 Slow                     Hex            68%        N/A       3%          1
 Cigotuvi's Dreadful Rot  Necr/Pois/Air  42%        N/A       3%          2


Dungeon Overview and Level Annotations

Branches:
Dungeon (6/15)             Temple (1/1) D:5         Ossuary (visited)

Altars:
Ashenzari
Cheibriados
Dithmenos
Elyvilon
Fedhas
Gozag
Hepliaklqana
Kikubaaqudgha
Makhleb
Nemelex Xobeh
Okawaru
Qazlal
Ru
Sif Muna
Trog
Uskayaw
Vehumet
Wu Jian
Xom
Zin
The Shining One

Shops:
D:5 *   D:6 =

Annotations:
D:6 Prince Ribbit


Message History

You hear the slow rusting of a very distant drain.
The white imp gestures at you. The puff of frost hits you!
Casting: Mephitic Cloud (dangerous; 2% risk of failure)
Confirm with . or Enter, or press ? or * to list all spells.
Aiming: Mephitic Cloud (dangerous; 2% risk of failure)
Press: ? - help, Shift-Dir - straight line The ball explodes into a vile cloud!
The stinking cloud engulfs the white imp but does no damage.
The stinking cloud engulfs the orc wizard but does no damage.
The stinking cloud engulfs the iguana but does no damage.
The orc wizard is engulfed in noxious fumes.
The orc wizard appears confused.
The iguana is engulfed in noxious fumes.
The iguana appears confused.
The white imp gestures at you. The puff of frost hits you!
Unknown command.
Unknown command.
Casting: Mephitic Cloud (dangerous; 2% risk of failure)
Confirm with . or Enter, or press ? or * to list all spells.
Aiming: Stone Arrow (safe; 1% risk of failure)
Press: ? - help, Shift-Dir - straight line, f - white imp
Aim: a white imp (noxious fumes, 78% to hit)
The stone arrow misses the white imp.
The white imp gestures at you. The puff of frost hits you!
* * * LOW HITPOINT WARNING * * *
Casting: Stone Arrow (safe; 1% risk of failure)
Confirm with . or Enter, or press ? or * to list all spells.
Aiming: Stone Arrow (safe; 1% risk of failure)
Press: ? - help, Shift-Dir - straight line, f/p - white imp
Aim: a white imp (noxious fumes, 78% to hit)
The stone arrow hits the white imp!!
You kill the white imp!
Vehumet accepts your kill.
The orc wizard hits the orc with a +0 dagger.
The orc priest invokes the aid of Beogh against you.
Beogh smites you!
You die...

............#.#
#.o!..o<.......#
......#...o....##
.....
#..oo.....###
....
....oo.○.l..# ...
...........## #.
............# #
......##....#
..........@..###
............#
.......<....#
............#
............#
............#
............#
............#
.##.........#


You could see an iguana (confused), 2 orc priests, an orc wizard (confused) and
2 orcs.

Vanquished Creatures
  Sigmund (D:3)
  5 yaks (D:5)
  A steam dragon (D:4)
  Menkaure (D:5)
  A water moccasin (D:4)
  A sky beast (D:6)
  An ogre (D:5)
  A centaur (D:6)
  A phantom (D:4)
  4 elf zombies (Ossuary)
  3 scorpions (D:5)
  2 hounds (D:5)
  6 human zombies (Ossuary)
  Crazy Yiuf (D:4)
  3 jellies
  2 centaur zombies (Ossuary)
  3 sleepcaps
  Jessica (D:3)
  Terence (D:3)
  3 iguanas
  4 mummies
  Robin (D:4)
  3 gnolls (D:4)
  5 adders
  2 shadow imps (D:4)
  2 white imps
  A worm (D:3)
  3 dart slugs
  6 orcs
  10 ball pythons
  6 endoplasms
  A giant cockroach (D:2)
  14 goblins
  12 hobgoblins
  4 jackals
  5 kobolds
  8 quokkas
  8 bats
  2 goblin zombies (D:5)
  3 rats
  A spectral goblin (D:3)
143 creatures vanquished.

Notes
Turn   | Place    | Note
-------+----------+-------------------------------------------
     0 | D:1      | pokeman the Deep Elf Hedge Wizard began the quest for the
                  | Orb.
     0 | D:1      | Reached XP level 1. HP: 10/10 MP: 7/7
    48 | D:1      | You fall into a shaft and drop 1 floor!
   213 | D:2      | Reached XP level 2. HP: 14/16 MP: 3/9
   700 | D:1      | Reached skill level 5 in Spellcasting
  1027 | D:1      | Found a faded altar of an unknown god.
  1297 | D:1      | Reached XP level 3. HP: 20/20 MP: 9/11
  1301 | D:1      | Learned a level 3 spell: Mephitic Cloud
  1304 | D:1      | Learned a level 2 spell: Call Imp
  1307 | D:1      | Learned a level 2 spell: Blink
  2066 | D:3      | Reached skill level 1 in Armour
  2216 | D:3      | Found a shadowy altar of Dithmenos.
  2235 | D:3      | Learned a level 3 spell: Stone Arrow
  2271 | D:3      | Noticed Sigmund
  2447 | D:3      | Noticed Jessica
  2450 | D:3      | Killed Sigmund
  2451 | D:3      | Reached skill level 1 in Fighting
  2451 | D:3      | Reached skill level 6 in Spellcasting
  2451 | D:3      | Reached XP level 4. HP: 26/26 MP: 2/14
  2451 | D:3      | Reached XP level 5. HP: 30/30 MP: 2/16
  2452 | D:3      | Killed Jessica
  2722 | D:3      | Reached XP level 6. HP: 35/35 MP: 10/17
  2751 | D:3      | Noticed Terence
  2763 | D:3      | Killed Terence
  3255 | D:3      | Found a hazy altar of Hepliaklqana.
  3337 | D:4      | Noticed Robin
  3347 | D:3      | Reached skill level 7 in Spellcasting
  3684 | D:4      | Killed Robin
  3814 | D:4      | Noticed a steam dragon
  3829 | D:4      | Killed a steam dragon
  3830 | D:4      | Reached skill level 1 in Air Magic
  3830 | D:4      | Reached skill level 1 in Earth Magic
  3830 | D:4      | Reached skill level 1 in Poison Magic
  3830 | D:4      | Reached XP level 7. HP: 20/39 MP: 17/20
  4111 | D:4      | Reached skill level 8 in Spellcasting
  4434 | D:4      | Found a runed translucent door.
  4435 | D:4      | Noticed Crazy Yiuf
  4444 | D:4      | Killed Crazy Yiuf
  4607 | D:5      | Entered Level 5 of the Dungeon
  4640 | D:5      | Found Tiblu Pyr's Overcharged Wands.
  4656 | D:5      | Found a sand-covered staircase.
  4663 | D:5      | Reached XP level 8. HP: 41/44 MP: 3/22
  4761 | Ossuary  | Entered an ossuary
  4815 | Ossuary  | Reached skill level 9 in Spellcasting
  5160 | Ossuary  | Reached skill level 5 in Conjurations
  5415 | D:5      | Reached skill level 10 in Spellcasting
  5504 | D:5      | Found a staircase to the Ecumenical Temple.
  5514 | Temple   | Entered the Ecumenical Temple
  5525 | Temple   | Became a worshipper of Vehumet
  5740 | D:5      | Reached skill level 1 in Evocations
  5863 | D:5      | Identified the +0 robe "Naotz" {rC- rN+ Int+3}
  5969 | D:5      | Noticed Menkaure
  5971 | D:5      | Killed Menkaure
  6034 | D:5      | Learned a level 5 spell: Freezing Cloud
  6141 | D:5      | Reached XP level 9. HP: 33/49 MP: 17/25
  6147 | D:5      | Reached skill level 1 in Ice Magic
  6150 | D:5      | Reached skill level 11 in Spellcasting
  6339 | D:6      | Found Oxeog's Jewellery Shoppe.
  6354 | D:6      | Reached skill level 5 in Earth Magic
  6374 | D:6      | Noticed Prince Ribbit
  6393 | D:6      | HP: 2/51 [Prince Ribbit (6)]
  6516 | D:6      | Killed from afar by an orc priest

Illustrated notes

Levels and vault maps discovered:
D:1:      lemuel_arrival_river_ford, layout_basic,
          shapermc_ecumenical_altar_mp_vishouse
D:2:      layout_rooms, serial_bayou, serial_bayou_pond_c, serial_bayou_pond_b,
          serial_bayou_pond_b, serial_bayou_ford_a, serial_bayou_pond_e
D:3:      layout_rooms, nicolae_hepliaklqana_monster_ancestors,
          mainiacjoe_overflow_small_starburst, minmay_shallow_snake_nest,
          uniq_sigmund, uniq_jessica, uniq_terence
D:4:      layout_rooms, uniq_robin, uniq_crazy_yiuf_cottage
D:5:      lemuel_ice_spiral_2, layout_basic, minmay_temple_entry_mist,
          nicolae_ossuary_entry_giza, nicolae_shop_overcharged_wands,
          uniq_menkaure
D:6:      nicolae_cairo_tiling, layout_cave_pools,
          lemuel_mausoleum_altar_yredelemnul, portal_sewer_entry_b,
          nicolae_stop_n_shop_1, uniq_prince_ribbit1
Temple:   hellmonk_temple_of_storms

Skill      XL: |  1  2  3  4  5  6  7  8  9 |
---------------+----------------------------+-----
Spellcasting   | 5 6 7 8 10 11 | 11.6
Armour         | 1 2 3 |  3.0
Fighting       | 1 2 3 |  3.5
Conjurations   | 2 3 4 5 6 |  6.4
Stealth        | 3 |  3.1
Dodging        | 3 |  3.0
Air Magic      | 1 |  1.1
Earth Magic    | 1 2 4 5 |  5.2
Poison Magic   | 1 |  1.1
Evocations     | 1 |  1.0
Ice Magic      | 1 |  1.1
Summonings     | |  1.1
Translocations | |  1.1

Action                     |  1- 3 |  4- 6 |  7- 9 || total
---------------------------+-------+-------+-------++-------
  Melee: Dagger            |    23 |    21 |   197 ||   241
         Punch             |       |     1 |     4 ||     5
   Cast: Magic Dart        |    93 |    79 |    22 ||   194
         Stone Arrow       |     2 |    10 |    81 ||    93
         Mephitic Cloud    |     2 |     2 |     6 ||    10
         Blink             |       |     1 |     2 ||     3
         Call Imp          |       |       |     1 ||     1
   Stab: Confused          |       |     2 |     5 ||     7
         Sleeping          |       |     1 |     2 ||     3
         Distracted        |       |       |     1 ||     1
 Armour: Robe              |    14 |    13 |   121 ||   148
  Dodge: Dodged            |    27 |    19 |    86 ||   132

Table legend: (Time is in decaauts)
 A = Elapsed time spent in this place.
 B = Non-inter-level travel time spent in this place.
 C = Inter-level travel time spent in this place.
 D = Time resting spent in this place.
 E = Time spent auto-exploring this place.
 F = Levels seen in this place.
 G = Mean time per level.
                   A        B        C        D        E       F      G
               +--------+--------+--------+--------+--------+-----+--------+
         Total |   6547 |   6336 |    211 |    530 |   4702 |   8 |  818.4 |
       Dungeon |   5884 |   5683 |    201 |    530 |   4274 |   6 |  980.7 |
        Temple |     22 |     12 |     10 |      0 |      0 |   1 |   22.0 |
       Ossuary |    640 |    640 |      0 |      0 |    428 |   1 |  640.0 |
               +--------+--------+--------+--------+--------+-----+--------+

Top non-repeatable levels by time:
     D:2: 1230 daAuts
     D:1: 1221 daAuts
     D:4: 1175 daAuts
     D:5: 1160 daAuts
     D:3: 1009 daAuts
 Ossuary: 640 daAuts
     D:6: 87 daAuts
  Temple: 22 daAuts
